 Dungeon Crawl Stone Soup version 0.30.1-9-gdf580d7c3d (webtiles) character file.

Game seed: 15381317721526315343

37 safid the Chiller (level 3, 0/27 HPs)
             Began as a Merfolk Ice Elementalist on Oct 2, 2023.
             Slain by a cerulean imp
             ... wielding a +2 spear
             ... summoned by Natasha
              (4 damage)
             ... on level 2 of the Dungeon.
             The game lasted 00:01:03 (838 turns).

safid the Chiller (Merfolk Ice Elementalist)         Turns: 838, Time: 00:01:03

Health: 0/27       AC:  3    Str:  8    XL:     3   Next: 39%
Magic:  2/6        EV: 12    Int: 16    God:
Gold:   65         SH:  0    Dex: 14    Spells: 3/7 levels left

rFire   . . .        e - +0 short sword
rCold   . . .        (no shield)
rNeg    . . .        a - +0 robe
rPois   .            f - +0 helmet
rElec   .            (no cloak)
rCorr   .            (no gloves)
SInv    .            (no boots)
Will    .....        (no amulet)
Stlth   ++           (no ring)
HPRegen 0.24/turn    (no ring)
MPRegen 0.10/turn

%: no passive effects
@: slowed, very slow
A: (nimble swimmer 2), mertail
a: no special abilities


You were on level 2 of the Dungeon.
You visited 1 branch of the dungeon, and saw 2 of its levels.

You collected 65 gold pieces.

Inventory:

Hand Weapons
 e - a +0 short sword (weapon)
Armour
 a - a +0 robe (worn)
 f - a +0 helmet (worn)
Scrolls
 d - 2 scrolls of identify {unknown}
 g - 2 scrolls of teleportation {unknown}
 h - a scroll of immolation {unknown}
Potions
 b - a potion of magic
 c - a potion of flight {unknown}


   Skills:
 + Level 1.7 Fighting
 - Level 2.6 Dodging
 - Level 2.1 Stealth
 + Level 2.5 Spellcasting
 + Level 4.8 Ice Magic


You had 3 spell levels left.
You knew the following spells:

 Your Spells              Type           Power      Damage    Failure   Level
a - Freeze                Ice            68%        1d8       2%          1
b - Frozen Ramparts       Ice            34%        1d6       9%          3

Your spell library contained the following spells:

 Spells                   Type           Power      Damage    Failure   Level
 Ozocubu's Armour         Ice            17%        N/A       9%          3
 Summon Ice Beast         Ice/Summ       9%         N/A       58%         4


Dungeon Overview and Level Annotations

Branches:
Dungeon (2/15)

Altars:

Annotations:
D:2 Natasha


Innate Abilities, Weirdness & Mutations

((You are very nimble when in or above water. (Stealth+, EV+, Speed+++)))
Your lower body shifts to a powerful aquatic tail in water.


Message History

You kill Natasha!
Suddenly Natasha's spirit rises from her lifeless body.
The cerulean imp disappears in a puff of smoke!
You have reached level 3!
Your experience leads to an increase in your attributes!
Increase (S)trength, (I)ntelligence, or (D)exterity?
You feel clever. x2
This spell is quite dangerous to cast!
Memorise Frozen Ramparts, consuming 3 spell levels and leaving 3?
You start memorising the spell.
You continue memorising. x3
You finish memorising.
Spell assigned to 'b'.
Natasha, Servant of Life and Death comes into view.
Natasha stares at you and mumbles some strange words.
You resist with significant effort.
Natasha casts a spell.
Natasha casts a spell at you. You resist with significant effort.
The cerulean imp completely misses you. Natasha claws you!
The cerulean imp hits you from afar with a +2 spear!
Casting: Freeze (safe; 2% risk of failure)
Confirm with . or Enter, or press ? or * to list all spells.
Aiming: Freeze (safe; 2% risk of failure)
Press: ? - help, Shift-Dir - straight line, f - Natasha
Aim: Natasha You freeze Natasha.
Natasha is moderately wounded.
Natasha closely misses you. The cerulean imp misses you.
Natasha claws you but does no damage.
The cerulean imp hits you from afar with a +2 spear.
Casting: Freeze (safe; 2% risk of failure)
Confirm with . or Enter, or press ? or * to list all spells.
Aiming: Freeze (safe; 2% risk of failure)
Press: ? - help, Shift-Dir - straight line, f/p - Natasha
Aim: Natasha (moderately wounded)
You freeze Natasha.
Natasha is heavily wounded.
Natasha claws you.
* * * LOW HITPOINT WARNING * * *
The cerulean imp hits you from afar with a +2 spear.
You die...

.######.# #....# ########.#
#....# .........#####....#
########..........#
#.######...# . #)# ####...# ..
#.# #......####.#..
#.###5#.#..........
#..@h........$.....
###############....##...†......
#...(..........................
#.#############................
#.# #................ #.#
#######..........
#.############## #####.####.
#.#.....<..(.... ..
#.#.###.........


You could see Natasha and a cerulean imp (summoned).

Vanquished Creatures
  Natasha (D:2)
  A dart slug (D:1)
  A ball python (D:2)
  3 giant cockroaches
  A bat (D:1)
  3 frilled lizards (D:1)
  A goblin (D:1)
  A kobold (D:2)
12 creatures vanquished.

Notes
Turn   | Place    | Note
-------+----------+-------------------------------------------
     0 | D:1      | safid the Merfolk Ice Elementalist began the quest for the
                  | Orb.
     0 | D:1      | Reached XP level 1. HP: 13/13 MP: 3/3
   401 | D:1      | Reached XP level 2. HP: 18/20 MP: 5/5
   516 | D:1      | Reached skill level 1 in Fighting
   777 | D:2      | Found a faded altar of an unknown god.
   812 | D:2      | Noticed Natasha
   820 | D:2      | Killed Natasha
   821 | D:2      | Reached XP level 3. HP: 20/27 MP: 1/6
   825 | D:2      | Learned a level 3 spell: Frozen Ramparts
   828 | D:2      | Noticed Natasha
   838 | D:2      | Slain by a cerulean imp

Illustrated notes

Levels and vault maps discovered:
D:1:      ncdulo_lavacross, layout_loops_cross, nrook_mini_backslash
D:2:      layout_basic, ebering_ecumenical_altar_sacrificial, uniq_natasha,
          uniq_crazy_yiuf_cottage

Skill      XL: |  1  2 |
---------------+-------+-----
Fighting       | 1 |  1.7
Dodging        | |  2.6
Stealth        | |  2.1
Spellcasting   | |  2.5
Ice Magic      | |  4.8

Action                     || total
---------------------------++-------
  Melee: Short sword       ||    26
         Unarmed           ||     1
   Cast: Freeze            ||    15
   Stab: Sleeping          ||     1
 Armour: Robe              ||    13
  Dodge: Dodged            ||    25
